 Dungeon Crawl Stone Soup version 0.18-a0-1243-g9e52518 (webtiles) character file.

955 Lathuz the Basher (level 7, -1/57 HPs)
             Began as a Minotaur Fighter on Feb 5, 2016.
             Slain by Blork the orc
             ... wielding a +1 scimitar of electrocution
              (20 damage)
             ... on level 5 of the Dungeon.
             The game lasted 00:07:13 (3737 turns).

Lathuz the Basher (Minotaur Fighter)                Turns: 3737, Time: 00:07:14

Health: -1/57      AC: 15    Str: 20    XL:     7   Next: 91%
Magic:  6/6        EV:  3    Int:  5    God:
Gold:   114        SH:  9    Dex: 12    Spells: 0 memorised, 6 levels left

rFire  . . .     SeeInvis .     a - +0 flail
rCold  . . .     Gourm    .     u - +0 plate armour
rNeg   . . .     Faith    .     c - +0 shield
rPois  .         Spirit   .     (helmet restricted)
rElec  .         Dismiss  .     w - +2 cloak
rCorr  .         Reflect  .     i - +0 pair of gloves
SustAt .         Harm     .     (no boots)
MR     .....                    (no amulet)
Stlth  ..........               (no ring)
                                s - ring of stealth

@: not resistant to hostile enchantments, extremely unstealthy
A: retaliatory headbutt, horns 2
a: no special abilities


You were on level 5 of the Dungeon.
You were not hungry.

You visited 1 branch of the dungeon, and saw 5 of its levels.

You collected 226 gold pieces.
You spent 112 gold pieces at shops.

Inventory:

Hand Weapons
 a - a +0 flail (weapon)
Armour
 c - a +0 shield (worn)
 i - a +0 pair of gloves (worn)
 u - a +0 plate armour (worn)
 w - a +2 cloak (worn)
Jewellery
 s - a ring of stealth (left hand)
Scrolls
 e - 2 scrolls of enchant weapon {unknown}
 j - a scroll of immolation {unknown}
 m - 3 scrolls of identify {unknown}
 o - 2 scrolls of fog {unknown}
 p - a scroll of teleportation {unknown}
 q - 2 scrolls of remove curse {unknown}
 v - a scroll of magic mapping {unknown}
Potions
 d - 2 potions of might
 g - 2 potions of curing {unknown}
 h - 2 potions of mutation {unknown}
 k - 2 potions of cancellation {unknown}
 l - a potion of agility {unknown}
 r - a potion of resistance {unknown}
 t - a potion of invisibility
Comestibles
 b - 3 chunks of flesh
 f - 2 bread rations
 n - 4 meat rations


   Skills:
 - Level 3.6 Fighting
 + Level 11.0 Maces & Flails
 - Level 3.6 Armour
 - Level 3.6 Shields


You had 6 spell levels left.
You didn't know any spells.

Dungeon Overview and Level Annotations

Branches:
Dungeon (5/15)
 Temple: D:4-7

Altars:

Shops:
D:4 !

Annotations:
D:5 Blork the orc


Innate Abilities, Weirdness & Mutations

You reflexively headbutt those who attack you in melee.
You have a pair of horns on your head.


Message History

You block Blork the orc's attack.
You hit Blork the orc.
Blork the orc is moderately wounded.
Blork the orc hits you with a scimitar of electrocution.
You barely miss Blork the orc. Your headbutt misses Blork the orc.
Blork the orc is moderately wounded.
You thump Blork the orc!
Blork the orc is heavily wounded.
Blork the orc hits you but does no damage.
You are electrocuted!
You closely miss Blork the orc.
Blork the orc is heavily wounded.
Blork the orc hits you with a scimitar of electrocution.
You thump Blork the orc!
You headbutt Blork the orc, but do no damage.
Blork the orc is almost dead.
Blork the orc looks angry.
Blork the orc hits you with a scimitar of electrocution.
You are electrocuted!
You die...

#. #..# .# #. ###..# .#
.. .(... ..### # #...#
..... .# #.......... ..
#...#.... .# #..o..#
#.@# ######## # #..# #
#......#
.#.###.$###.###......# #
..............#......###
.........##...#.........
.##.###...# .#......###
..........# #......# #
##.###.#......#......# #
#.# #.#.######......# #


You could see Blork the orc.

Vanquished Creatures
  Sigmund (D:4)
  An ice beast (D:5)
  A sky beast (D:3)
  A phantom (D:4)
  A giant frog (D:4)
  2 hounds
  An orc priest (D:5)
  Natasha (thrice) (D:3)
  Terence (D:3)
  A worker ant (D:4)
  A hound skeleton (D:5)
  3 gnolls (D:3)
  10 adders
  2 oozes (D:1)
  2 worms (D:2)
  2 giant geckos
  10 orcs
  4 ball pythons
  3 giant cockroaches
  5 goblins
  11 hobgoblins
  12 jackals
  4 quokkas
  12 bats
  9 giant newts
  8 kobolds
  9 rats
120 creatures vanquished.

Notes
Turn   | Place    | Note
--------------------------------------------------------------
     0 | D:1      | Lathuz the Minotaur Fighter began the quest for the Orb.
     0 | D:1      | Reached XP level 1. HP: 19/19 MP: 0/0
   112 | D:1      | Reached XP level 2. HP: 26/26 MP: 1/1
   417 | D:1      | Reached skill level 4 in Maces & Flails
   456 | D:1      | Reached XP level 3. HP: 25/31 MP: 2/2
   967 | D:2      | Reached skill level 5 in Maces & Flails
  1111 | D:2      | Reached XP level 4. HP: 36/39 MP: 3/3
  1833 | D:3      | Noticed Terence
  1844 | D:3      | Killed Terence
  1844 | D:3      | Reached skill level 6 in Maces & Flails
  1844 | D:3      | Reached XP level 5. HP: 42/45 MP: 4/4
  2020 | D:3      | Reached skill level 7 in Maces & Flails
  2316 | D:3      | Noticed Natasha
  2320 | D:3      | Killed Natasha
  2376 | D:3      | Noticed a sky beast
  2384 | D:3      | Noticed Natasha
  2391 | D:3      | Killed Natasha
  2391 | D:3      | Reached XP level 6. HP: 40/51 MP: 5/5
  2402 | D:3      | Killed a sky beast
  2402 | D:3      | Reached skill level 8 in Maces & Flails
  2784 | D:3      | Noticed Natasha
  2785 | D:3      | Killed Natasha
  2919 | D:4      | Noticed Sigmund
  2988 | D:4      | Found Epeateux's Distillery.
  3003 | D:4      | Bought a potion of invisibility for 112 gold pieces
  3029 | D:4      | Reached skill level 9 in Maces & Flails
  3043 | D:4      | Reached XP level 7. HP: 48/57 MP: 6/6
  3255 | D:4      | Killed Sigmund
  3255 | D:4      | Reached skill level 10 in Maces & Flails
  3518 | D:5      | Entered Level 5 of the Dungeon
  3686 | D:5      | Reached skill level 11 in Maces & Flails
  3727 | D:5      | Noticed Blork the orc
  3737 | D:5      | Slain by Blork the orc

Vault maps used:
D:1:      elethiomel_arrival_diamonds
D:3:      first_bread, uniq_natasha, uniq_terence
D:4:      serial_shops, shop_fountains, uniq_sigmund
D:5:      minmay_misc_feat_cross, nicolae_ru_awakened_eye, uniq_blork_the_orc,
          uniq_pikel

Action                   |  1- 3 |  4- 6 |  7- 9 || total
-------------------------+-------+-------+-------++-------
Melee: Flail             |   108 |   187 |    85 ||   380
  Eat: Chunk             |     1 |     6 |     3 ||    10
